 Dungeon Crawl Stone Soup version 0.22-b1-26-g9dbaab1 (webtiles) character file.

2339 Goblin1989 the Slicer (level 9, -11/63 HPs)
             Began as a Demonspawn Chaos Knight on Aug 8, 2018.
             Mangled by an orc knight
             ... wielding a +0 dire flail
              (36 damage)
             ... in a bailey.
             The game lasted 00:21:22 (9688 turns).

Goblin1989 the Slicer (Demonspawn Chaos Knight)     Turns: 9688, Time: 00:21:22

Health: -11/63     AC: 14    Str: 15    XL:     9   Next: 19%
Magic:  9/9        EV: 11    Int: 14    God:    Xom [.....*]
Gold:   741        SH:  0    Dex: 17    Spells: 8/8 levels left

rFire    + . .     SeeInvis .   a - +1 short sword (chaos)
rCold    + + .     Gourm    .   (no shield)
rNeg     + . .     Faith    .   V - +2 leather armour
rPois    .         Spirit   .   (helmet restricted)
rElec    .         Reflect  .   Y - +0 cloak
rCorr    .         Harm     .   Z - +2 pair of gloves
MR       +....     Clarity  +   p - +0 pair of boots
Stlth    +.........             (no amulet)
HPRegen  0.20/turn              k - ring of positive energy
MPRegen  0.11/turn              P - ring of wizardry

@: about to teleport
A: horns 1, talons 1, icy blue scales 1, agile 1, blink, clarity, cold
resistance 2, fire resistance 1, high mp 1, magic resistance 1, mutation
resistance 1, sense surroundings 1, shaggy fur 2, spiny 1, strong 1, wild magic
1, MP-powered wands
a: Blink, Renounce Religion


You were in a bailey.
You worshipped Xom.
You were Xom's teddy bear.
You were not hungry.

You visited 1 branch of the dungeon, and saw 7 of its levels.
You also visited: Bailey.

You collected 741 gold pieces.

Inventory:

Hand Weapons
 a - a +1 short sword of chaos (weapon)
 b - a +2 short sword of freezing
 i - a +1 dagger of electrocution
Missiles
 N - 58 tomahawks of returning (quivered)
Armour
 p - a +0 pair of boots (worn)
 O - the +2 helmet "Gasisuk" {rN+ Dex+9 Slay+2 Stlth-, unknown}
   (You found it on level 6 of the Dungeon)

   It affects your dexterity (+9).
   It affects your accuracy and damage with ranged weapons and melee attacks
   (+2).
   It protects you from negative energy.
   It makes you less stealthy.
 V - a +2 leather armour (worn)
 W - a +0 scale mail {god gift}
 Y - a +0 cloak (worn)
 Z - a +2 pair of gloves (worn)
Jewellery
 k - a ring of positive energy (left hand)
 P - a ring of wizardry (right hand)
Wands
 Q - a wand of paralysis (11) {@v7}
Scrolls
 n - a scroll of fog
 B - 2 scrolls of blinking
 R - 2 scrolls of identify {@r1}
 S - a scroll of amnesia
 T - 4 scrolls of teleportation {!r, @r2}
 X - 3 scrolls of remove curse {@r3}
Potions
 j - 3 potions of cancellation
 l - 4 potions of mutation {!q}
 r - 4 potions of curing {@q1}
 K - 7 potions of heal wounds
 L - 2 potions of magic
 U - a potion of haste {@q3,}
Comestibles
 e - 11 rations


   Skills:
 - Level 3.0 Fighting
 + Level 11.4 Short Blades
 - Level 1.7 Armour
 - Level 0.8 Dodging


You had 8 spell levels left.
You didn't know any spells.
Your spell library contained the following spells:

 Spells                   Type           Power        Failure   Level  Hunger
 Confuse                  Hex            #.......     45%         3    ####...
 Tukima's Dance           Hex            #.......     45%         3    ####...
 Ensorcelled Hibernation  Hex/Ice        #.....       26%         2    ###....
 Corona                   Hex            #......      19%         1    ##.....
 Dazzling Spray           Conj/Hex       #.....       45%         3    ####...


Dungeon Overview and Level Annotations

Branches:
Dungeon (7/15)             Temple (0/1) D:6

Altars:
Cheibriados
Kikubaaqudgha
Qazlal
Uskayaw
Xom
Zin


Innate Abilities, Weirdness & Mutations

You are partially covered in icy blue scales. (AC +2)
You are partially covered in sharp spines.
You have a pair of small horns on your head.
You have sharp toenails.
You are agile. (Dex +2)
You can translocate small distances at will.
You possess an exceptional clarity of mind.
Your flesh is very cold resistant. (rC++)
Your flesh is heat resistant. (rF+)
You have an increased reservoir of magic. (+10% MP)
You are resistant to hostile enchantments. (MR+)
You are somewhat resistant to further mutation.
You passively map a small area around you.
You are covered in thick fur. (AC +2)
Your muscles are strong. (Str +2)
Your spells are a little harder to cast, but a little more powerful.
You expend magic power (3 MP) to strengthen your wands.


Message History

You puncture the gnoll!
The gnoll is poisoned.
The gnoll is severely wounded.
The gnoll barely misses you.
You hit the gnoll.
The gnoll is severely wounded.
You hit the gnoll.
You feel better.
You kill the gnoll!
You regained 2 hp, and now have 54/63 hp.
There is an open door here.
Things that are here:
a halberd; a halberd of electrocution; a gnoll corpse You start resting. "This place needs a little more atmosphere."
You regained 7 hp, and now have 62/63 hp.
HP restored.
You butcher the gnoll corpse.
M - 2 chunks of flesh
There is an open door here.
Things that are here:
a halberd; a halberd of electrocution
There is an open door here.
Things that are here:
a halberd; a halberd of electrocution; Health restored: 63 Unknown command.
Eating one of 2 chunks of flesh.
You eat one of the 2 chunks of flesh.
This raw flesh tastes terrible.
You see here a halberd.
The hobgoblin is too close now for your liking.
There is an open door here.
There are monsters nearby!
There are monsters nearby!
There are monsters nearby!
Really walk into that cloud of seething chaos?
Okay, then.
The kobold shouts!
There is an open door here.
The orc knight shouts!
There is an open door here.
There is an open door here.
There is an open door here.
There is a fountain of blood, spattered with blood here.
You see here a halberd.
You barely miss the hobgoblin.
The hobgoblin shouts!
Your headbutt misses the hobgoblin. You closely miss the hobgoblin.
The hobgoblin closely misses you.
You hit the hobgoblin.
The hobgoblin is moderately wounded.
You completely miss the hobgoblin.
You headbutt the hobgoblin, but do no damage.
The hobgoblin is moderately wounded.
The hobgoblin misses you.
You hit the hobgoblin. You freeze the hobgoblin.
The hobgoblin is severely wounded.
You hit the hobgoblin.
You kill the hobgoblin!
All of the chunks of flesh in your inventory have rotted away.
N - 57 tomahawks of returning (gained 2)
You see here a halberd.
There is an open door here.
You see here a halberd of electrocution.
N - 58 tomahawks of returning (gained 1)
There is an open door here.
There is an open door, spattered with blood here.
The orc knight hits you but does no damage.
You hit the orc knight but do no damage.
You hit the orc knight but do no damage.
Lightning courses through the orc knight!
You headbutt the orc knight, but do no damage.
The orc knight is moderately wounded.
The orc knight is engulfed in seething chaos.
The orc knight hits you with a dire flail!
You take 14 damage, and have 49/63 hp.
MASSIVE DAMAGE!!
You hit the orc knight but do no damage.
The orc knight is lightly wounded.
Unknown command.
You hit the orc knight but do no damage.
You headbutt the orc knight, but do no damage.
The orc knight is lightly wounded.
Your trail of clouds dissipates.
The orc knight is engulfed in seething chaos.
The orc knight goes berserk!
The orc knight is struck by your spines.
The orc knight hits you with a dire flail!!
* * * LOW HITPOINT WARNING * * *
You take 24 damage, and have 25/63 hp.
MASSIVE DAMAGE!!
You barely miss the orc knight. You headbutt the orc knight.
The orc knight is moderately wounded.
The orc knight is engulfed in seething chaos.
The orc knight is moving more slowly.
Xom thinks this is hilarious!
You hear a shout!
There is an open door here.
Really read
T - 5 scrolls of teleportation {!r, @r2}?
As you read the scroll of teleportation {!r, @r2}, it crumbles to dust.
You feel strangely unstable. The orc knight closely misses you.
The orc knight hits you with a dire flail!!!
Ouch! That really hurt!
You die...
Xom howls with laughter! ▓ █████

███ ██ ▓·▓██o@.███.█
█.█ █§███)██∆██∆█▓
▓█....)██ ██)....█
█..... ███.....███
.∆..Ψ.. █.∆..)..∆.█
██.....▓ ███.....███
█.....█ ▓█.....██
█∆██∆██K█▓█∆██∆██∆██
.█ █.▓ █g█.█ █.███.█


You could see an orc knight (berserk).

Vanquished Creatures
  A hippogriff (D:5)
  An ice beast (D:3)
  A sky beast (D:6)
  2 ogres (D:6)
  A black bear (D:5)
  Blork the orc (D:5)
  A bullfrog (D:6)
  4 scorpions
  A water moccasin skeleton (D:4)
  A howler monkey (D:6)
  A quasit (D:6)
  2 hounds (D:6)
  A jelly (D:5)
  4 orc wizards
  Crazy Yiuf (D:5)
  A bullfrog skeleton (D:4)
  A centaur skeleton (D:6)
  An iguana (D:5)
  4 worker ants
  8 adders
  27 gnolls
  A shadow imp (D:6)
  3 oozes (D:2)
  4 worms
  5 dart slugs
  9 leopard geckos
  8 orcs
  6 bats
  5 giant cockroaches
  11 goblins
  24 hobgoblins
  7 jackals
  3 quokkas
  A ball python zombie (D:5)
  12 frilled lizards
  A jackal skeleton (D:6)
  16 kobolds
  2 quokka skeletons (D:4)
  9 rats
  2 rat zombies (D:2)
194 creatures vanquished.

Vanquished Creatures (collateral kills)
  Pikel (D:7)
  An ogre (D:5)
  A centaur (D:5)
  A centaur skeleton (D:5)
  A worker ant zombie (D:5)
  2 adders (D:5)
  A giant cockroach (D:3)
  A jackal (D:3)
9 creatures vanquished.

Vanquished Creatures (others)
  A ball python (D:3)
1 creature vanquished.

Grand Total: 204 creatures vanquished

Notes
Turn   | Place    | Note
-------+----------+-------------------------------------------
     0 | D:1      | Goblin1989 the Demonspawn Chaos Knight began the quest for the Orb.
     0 | D:1      | Reached XP level 1. HP: 18/18 MP: 1/1
   109 | D:1      | Reached skill level 3 in Short Blades
   216 | D:1      | Gained mutation: You are partially covered in icy blue scales. (AC +2) [demonic ancestry]
   216 | D:1      | Reached XP level 2. HP: 24/24 MP: 2/2
   408 | D:1      | XOM: harmless Necr miscast
   647 | D:1      | Reached XP level 3. HP: 29/29 MP: 3/3
   874 | D:1      | Reached skill level 4 in Short Blades
   893 | D:1      | XOM: cloud trail
   922 | D:1      | XOM: mild Ice miscast
  1250 | D:1      | XOM: divination: detect items
  1551 | D:2      | XOM: confusion (+ monsters)
  1561 | D:2      | Reached XP level 4. HP: 31/35 MP: 4/4
  1661 | D:2      | XOM: give mutations
  1661 | D:2      | Gained mutation: Your flesh is heat resistant. (rF+) [Xom's grace]
  1661 | D:2      | Gained mutation: Your muscles are strong. (Str +2) [Xom's grace]
  1661 | D:2      | Gained mutation: Your spells are a little harder to cast, but a little more powerful. [Xom's grace]
  1661 | D:2      | Gained mutation: You have sharp toenails. [Xom's grace]
  1694 | D:2      | Found an ancient bone altar of Kikubaaqudgha.
  1739 | D:2      | Reached skill level 5 in Short Blades
  1916 | D:2      | Reached XP level 5. HP: 41/41 MP: 5/5
  2066 | D:2      | XOM: harmless Ice miscast
  2373 | D:2      | XOM: potion effect (brilliance)
  2486 | D:2      | XOM is BORED!
  2486 | D:2      | XOM: harmless Chrm miscast
  2667 | D:3      | XOM: harmless Summ miscast
  2682 | D:3      | XOM: cast spell 'Summon Ice Beast'
  3037 | D:3      | XOM: god gift: ration {god gift}
  3237 | D:3      | Reached skill level 6 in Short Blades
  3249 | D:3      | XOM: cloud trail
  3577 | D:2      | XOM: god gift: scale mail {god gift}
  3618 | D:3      | Noticed an ice beast
  3631 | D:3      | XOM: fog
  3633 | D:3      | XOM: fog
  3642 | D:3      | XOM: enchant monster (good)
  3660 | D:3      | XOM: 1-stop teleportation journey
  3777 | D:3      | XOM is BORED!
  3777 | D:3      | XOM: mild Conj miscast
  4004 | D:3      | XOM: 1-stop teleportation journey
  4027 | D:3      | XOM: scenery: create altars
  4038 | D:3      | XOM: fog
  4038 | D:3      | Reached XP level 6. HP: 6/47 MP: 6/6
  4288 | D:3      | XOM: give mutations
  4288 | D:3      | Gained mutation: You expend magic power (3 MP) to strengthen your wands. [Xom's grace]
  4288 | D:3      | Gained mutation: You passively map a small area around you. [Xom's grace]
  4288 | D:3      | Gained mutation: You possess an exceptional clarity of mind. [Xom's grace]
  4452 | D:3      | XOM: cleaving
  4472 | D:3      | Found a snail-covered altar of Cheibriados.
  4476 | D:3      | Killed an ice beast
  4519 | D:3      | XOM: god gift: scroll labeled DEOV MODGHYMN {god gift}
  5043 | D:4      | XOM: divination: magic mapping
  5044 | D:4      | XOM: enchant monster (good)
  5102 | D:3      | XOM: divine lightning
  5284 | D:3      | XOM: give mutations
  5284 | D:3      | Gained mutation: You have a pair of small horns on your head. [Xom's grace]
  5284 | D:3      | Gained mutation: Your flesh is cold resistant. (rC+) [Xom's grace]
  5284 | D:3      | Gained mutation: You are resistant to hostile enchantments. (MR+) [Xom's grace]
  5284 | D:3      | Gained mutation: You are covered in fur. (AC +1) [Xom's grace]
  5300 | D:3      | XOM: god gift: 440 gold pieces {god gift}
  5347 | D:3      | XOM: give mutations
  5347 | D:3      | Gained mutation: You have an increased reservoir of magic. (+10% MP) [Xom's grace]
  5347 | D:3      | Gained mutation: You are somewhat resistant to further mutation. [Xom's grace]
  5389 | D:4      | Reached skill level 7 in Short Blades
  5399 | D:4      | XOM: confuse monster(s)
  5491 | D:4      | Reached XP level 7. HP: 51/52 MP: 7/7
  5780 | D:4      | XOM: give mutations
  5780 | D:4      | Gained mutation: Your flesh is very cold resistant. (rC++) [Xom's grace]
  5780 | D:4      | Gained mutation: You can translocate small distances at will. [Xom's grace]
  5788 | D:4      | XOM: give mutations
  5788 | D:4      | Gained mutation: You are agile. (Dex +2) [Xom's grace]
  5788 | D:4      | Gained mutation: You are covered in thick fur. (AC +2) [Xom's grace]
  5854 | D:4      | Reached skill level 8 in Short Blades
  6062 | D:4      | XOM: scenery: create altars
  6312 | D:4      | Found a shimmering altar of Xom.
  6315 | D:4      | Noticed an angel
  6319 | D:4      | Found a glowing silver altar of Zin.
  6839 | D:5      | Entered Level 5 of the Dungeon
  6850 | D:5      | XOM: 1-stop teleportation journey
  6882 | D:5      | Noticed Blork the orc
  6892 | D:5      | Killed Blork the orc
  7052 | D:5      | XOM: divination: detect items
  7115 | D:5      | Found a hide-covered altar of Uskayaw.
  7140 | D:5      | Noticed a hippogriff
  7147 | D:5      | XOM: 2-stop teleportation journey
  7168 | D:5      | Reached skill level 9 in Short Blades
  7168 | D:5      | Gained mutation: You are partially covered in sharp spines. [demonic ancestry]
  7168 | D:5      | Reached XP level 8. HP: 55/58 MP: 8/8
  7204 | D:5      | Killed a hippogriff
  7232 | D:5      | Found a runed door.
  7469 | D:5      | Noticed Crazy Yiuf
  7473 | D:5      | XOM: smoke on damage
  7474 | D:5      | Killed Crazy Yiuf
  7622 | D:6      | Reached skill level 10 in Short Blades
  7708 | D:6      | XOM: fog
  7715 | D:6      | XOM: cloud trail
  7882 | D:6      | XOM: scenery: create altars
  7900 | D:6      | XOM: divination: detect creatures
  7910 | D:6      | XOM: cast spell 'Shadow Creatures'
  8019 | D:6      | XOM: cast spell 'Summon Butterflies'
  8297 | D:6      | Found a stormy altar of Qazlal.
  8401 | D:6      | Got a spiked helmet
  8459 | D:6      | Reached skill level 11 in Short Blades
  8523 | D:6      | XOM: silly message
  8626 | D:6      | Found a staircase to the Ecumenical Temple.
  8785 | D:7      | Noticed a two-headed ogre
  8788 | D:7      | XOM: enchant monster (good)
  8791 | D:7      | Reached XP level 9. HP: 58/63 MP: 9/9
  8802 | D:7      | Found a flagged portal.
  8803 | D:7      | Killed Pikel
  8813 | Bailey   | Entered a bailey
  8919 | Bailey   | XOM: polymorph gnoll -> frilled lizard
  9290 | Bailey   | XOM: enchant monster (good)
  9356 | Bailey   | Noticed an orc knight
  9389 | Bailey   | XOM: divination: detect items
  9602 | Bailey   | XOM: cloud trail
  9688 | Bailey   | Mangled by an orc knight

Skill      XL: |  1  2  3  4  5  6  7  8 |
---------------+-------------------------+-----
Short Blades   | 3 4 5 6 7 9 11 | 11.4
Fighting       | |  3.0
Armour         | |  1.7
Dodging        | |  0.8

Action                   |  1- 3 |  4- 6 |  7- 9 || total
-------------------------+-------+-------+-------++-------
Melee: Short sword       |   134 |   293 |   278 ||   705
       Kick              |       |    19 |       ||    19
       Headbutt          |       |     9 |    65 ||    74
Evoke: Wand              |       |     2 |     3 ||     5
  Use: Scroll            |       |     4 |    11 ||    15
       Potion            |       |     2 |       ||     2
 Stab: Sleeping          |     1 |     1 |       ||     2
       Paralysed         |       |     3 |       ||     3
       Petrifying        |       |     1 |       ||     1
       Petrified         |       |     1 |       ||     1
       Confused          |       |     1 |       ||     1
  Eat: Chunk             |     2 |     9 |     3 ||    14
       Ration            |       |     1 |     3 ||     4
Armor: Leather armour    |    29 |   154 |    81 ||   264
Dodge: Dodged            |    64 |   176 |   116 ||   356

Vault maps used:
D:1:      minmay_arrival_loop, minmay_tripent
D:2:      lemuel_zombie_altar_kikubaaqudgha
D:3:      lemuel_doored_altar
D:4:      grunt_temple_overflow_order_and_chaos_1, first_ration
D:5:      kennysheep_mini, uniq_blork_the_orc, uniq_crazy_yiuf_cottage
D:6:      kennysheep_little_box, lemuel_temple_firewalk_b
D:7:      enter_bailey_8, uniq_pikel
Bailey:   bailey_axe_2, bailey
